 Dungeon Crawl Stone Soup version 0.20-a0-945-g3bf614a (webtiles) character file.

99 Deemzul the Chopper (level 4, -2/40 HPs)
             Began as a Naga Gladiator on Apr 2, 2017.
             Slain by a gnoll
             ... wielding a +0 whip
              (9 damage)
             ... on level 2 of the Dungeon.
             The game lasted 00:02:11 (1802 turns).

Deemzul the Chopper (Naga Gladiator)                Turns: 1802, Time: 00:02:12

Health: -2/40      AC:  8    Str: 16    XL:     4   Next: 72%
Magic:  4/4        EV:  3    Int:  9    God:
Gold:   54         SH:  0    Dex: 13    Spells: 3/3 levels left

rFire    + . .     SeeInvis +   a - +1 war axe
rCold    + . .     Gourm    .   (no shield)
rNeg     . . .     Faith    .   p - +1 plate armour
rPois    +         Spirit   .   c - +0 helmet
rElec    +         Reflect  .   (no cloak)
rCorr    +         Harm     .   (no gloves)
MR       .....                  (no barding)
Stlth    ..........             n - amulet of inaccuracy (curse)
Regen    0.2/turn               (no ring)
MPRegen  0.1/turn               (no ring)

@: short of breath, resistant, very slow
A: see invisible, deformed body, poison resistance, slowness 2, slow metabolism
1, spit poison 1, AC +1
a: Spit Poison


You were on level 2 of the Dungeon.
You were not hungry.

You visited 1 branch of the dungeon, and saw 2 of its levels.

You collected 54 gold pieces.

Inventory:

Hand Weapons
 a - a +1 war axe (weapon)
Missiles
 d - 3 throwing nets (quivered)
Armour
 b - a +0 leather armour
 c - a +0 helmet (worn)
 p - a +1 plate armour (worn)
Jewellery
 n - a cursed amulet of inaccuracy (around neck)
Scrolls
 k - a scroll of teleportation
Potions
 o - a potion of curing
Comestibles
 f - 2 bread rations
 g - 2 meat rations


   Skills:
 + Level 2.8 Fighting
 * Level 4.1 Axes
 - Level 1.7 Throwing
 + Level 0.8 Armour
 + Level 3.0 Dodging


You had 3 spell levels left.
You didn't know any spells.

Dungeon Overview and Level Annotations

Branches:
Dungeon (2/15)

Altars:
Kikubaaqudgha
Uskayaw
Vehumet


Innate Abilities, Weirdness & Mutations

You cannot wear boots.
Your serpentine skin is tough. (AC +1)
You have supernaturally acute eyesight. (SInv)
Armour fits poorly on your strangely shaped body.
Your system is resistant to poisons. (rPois)
You cover ground very slowly.
You have a slow metabolism.
You can spit poison.


Message History

Press: ? - help, Shift-Dir - straight line, f/p - gnoll
Aim: a gnoll (heavily wounded, poisoned)
The splash of poison hits the gnoll.
The gnoll is poisoned.
The gnoll is severely wounded.
You feel slightly more hungry.
The gnoll looks more healthy.
The gnoll hits you with a whip.
* * * LOW HITPOINT WARNING * * *
Unknown command.
Unknown command.
You hit the gnoll.
The gnoll is severely wounded.
The gnoll hits you with a whip.
* * * LOW HITPOINT WARNING * * *
Unknown command.
Unknown command.
Unknown command.
You closely miss the gnoll.
The gnoll is severely wounded.
The gnoll hits you with a whip!
You die...

#.# ### ######.###.###### #.#
#................#.#. #.#
#.########.###.#.#.#. #.# #.#
#.#......... #.# #.#
#.#.#....<#. #.# #)#
#.#.###.###. #.# #)#
#........... #.#
#.##########)###.#### #.#
#.gg@..........#.##.. #.#
############.#.#.##.# #.#
gg......#.#.##.#
#.####################.#.##.#
#........................##.#
###########.##########..)...#
#.# ######## ###


You could see 2 gnolls.

Vanquished Creatures
  5 gnolls (D:2)
  3 worms (D:2)
  3 dart slugs
  6 bats
  A giant cockroach (D:1)
  5 goblins
  6 hobgoblins
  5 frilled lizards
  3 kobolds
  3 rats
40 creatures vanquished.

Notes
Turn   | Place    | Note
-------+----------+-------------------------------------------
     0 | D:1      | Deemzul the Naga Gladiator began the quest for the Orb.
     0 | D:1      | Reached XP level 1. HP: 19/19 MP: 1/1
   122 | D:1      | Reached XP level 2. HP: 24/26 MP: 2/2
   746 | D:2      | Reached XP level 3. HP: 14/33 MP: 3/3
   824 | D:2      | Found a radiant altar of Vehumet.
   979 | D:2      | Found an ancient bone altar of Kikubaaqudgha.
   983 | D:2      | Found a hide-covered altar of Uskayaw.
  1553 | D:2      | Reached XP level 4. HP: 31/40 MP: 4/4
  1579 | D:2      | Reached skill level 4 in Axes
  1802 | D:2      | Slain by a gnoll

Vault maps used:
D:1:      onia_arrival_pentagram, grunt_decor_one_mirror
D:2:      chequers_temple_overflow_statue_of_worship, fiery_altar_vehumet

Skill      XL: |  1  2  3  4 |
---------------+-------------+-----
Axes           | 4 |  4.1
Dodging        | 3 |  3.0
Fighting       | |  2.8
Throwing       | |  1.7
Armour         | |  0.8

Action                   |  1- 3 |  4- 6 || total
-------------------------+-------+-------++-------
Melee: War axe           |   126 |    17 ||   143
 Abil: Spit Poison       |    10 |     7 ||    17
  Use: Scroll            |     6 |       ||     6
       Potion            |       |     2 ||     2
  Eat: Chunk             |     2 |     1 ||     3
Armor: Leather armour    |    32 |       ||    32
       Plate armour      |    54 |    17 ||    71
Dodge: Dodged            |    50 |     3 ||    53
